 Dungeon Crawl Stone Soup version 0.30-b1-2-g02819fbbbe (webtiles) character file.

Game seed: 7479290587441061770

2478 erloom the Martial Artist (level 9, -4/72 HPs)
             Began as a Red Draconian Transmuter on May 20, 2023.
             Was a Believer of Makhleb.
             Slain by a gnoll sergeant
             ... wielding a +4 spear of venom
              (17 damage)
             ... on level 6 of the Dungeon.
             The game lasted 00:11:30 (5714 turns).

erloom the Martial Artist (DrTm)                    Turns: 5714, Time: 00:11:31

Health: -4/72      AC:  2    Str: 13    XL:     9   Next: 27%
Magic:  14/15      EV: 20    Int: 15    God:    Makhleb [**....]
Gold:   363        SH:  0    Dex: 19    Spells: 12/16 levels left

rFire   . .          .
                       - Unarmed
rCold   . . .        (shield currently unavailable)
rNeg    . . .        (body armour unavailable)
rPois   x            (helmet currently unavailable)
rElec   .            n - melded +0 cloak
rCorr   .            (gloves currently unavailable)
SInv    .            (boots currently unavailable)
Will    .....        f - amulet of regeneration
Stlth   ++           (no ring)
HPRegen 1.12/turn    (no ring)
MPRegen 0.14/turn

%: no passive effects
@: lethally poisoned (-4 -> -25), about to teleport, spider-form
A: venomous fangs, (breathe fire), AC +7, tiny, unfitting armour, (fire
resistance 1), (cold-blooded)
a: End Transformation, Renounce Religion, Minor Destruction


You were on level 6 of the Dungeon.
You worshipped Makhleb.
Makhleb was pleased with you.
You were a venomous arachnid creature.
You visited 1 branch of the dungeon, and saw 6 of its levels.

You collected 363 gold pieces.

Inventory:

Missiles
 w - a throwing net
Armour
 n - a +0 cloak (melded)
 v - an orb of wrath
Jewellery
 f - an amulet of regeneration (around neck)
Wands
 a - a wand of flame (28)
 s - a wand of digging (6)
Scrolls
 c - 3 scrolls of teleportation
 g - 5 scrolls of identify {unknown}
 j - 2 scrolls of poison {unknown}
 l - a scroll of enchant weapon {unknown}
 p - a scroll of torment {unknown}
 q - 2 scrolls of enchant armour {unknown}
 r - 3 scrolls of fog {unknown}
Potions
 b - a potion of mutation {unknown}
 d - 5 potions of curing {unknown}
 e - a potion of berserk rage {unknown}
 h - a potion of brilliance {unknown}
 i - 3 potions of haste {unknown}
 k - a potion of flight {unknown}
 m - a potion of heal wounds {unknown}
 o - a potion of attraction {unknown}
 t - 3 potions of degeneration {unknown}
 u - a potion of cancellation {unknown}


   Skills:
 + Level 4.4 Fighting
 - Level 3.0 Dodging
 + Level 8.5 Unarmed Combat
 - Level 4.0 Spellcasting
 - Level 7.0 Transmutations
 - Level 3.0 Poison Magic


You had 12 spell levels left.
You knew the following spells:

 Your Spells              Type           Power      Damage    Failure   Level
a - Beastly Appendage     Tmut           48%        N/A       5%          1
b - Spider Form           Tmut/Pois      18%        N/A       19%         3

Your spell library contained the following spells:

 Spells                   Type           Power      Damage    Failure   Level
 Wereblood                Tmut           24%        N/A       7%          2
 Lesser Beckoning         Tloc           6%         N/A       47%         2
 Static Discharge         Conj/Air       6%         2-3/arc   47%         2
 Ice Form                 Ice/Tmut       13%        N/A       61%         4
 Gell's Gravitas          Tloc           3%         N/A       69%         3
 Teleport Other           Tloc           3%         N/A       69%         3
 Summon Lightning Spire   Summ/Air       3%         N/A       96%         4
 Storm Form               Tmut/Air       6%         N/A       100%        7


Dungeon Overview and Level Annotations

Branches:
Dungeon (6/15)             Temple (0/1) D:5

Altars:
Makhleb
Nemelex Xobeh
Qazlal
Uskayaw
Vehumet
The Shining One

Shops:
D:1 (


Innate Abilities, Weirdness & Mutations

You are a venomous arachnid creature.
You have venomous fangs.
You are tiny and dextrous.
Your spellcasting is less reliable in this form.
Your armour is entirely melded.
You are incapable of wielding weapons or throwing items.
((You can breathe blasts of fire.))
((Your fiery red scales are hard. (AC +7)))
You cannot fit into any form of body armour.
((Your flesh is heat resistant. (rF+)))
((You are cold-blooded and may be slowed by cold attacks.))


Message History

The water moccasin closely misses you.
You bite the water moccasin!
You kill the water moccasin!
Makhleb accepts your kill. The gnoll sergeant closely misses you.
The gnoll sergeant hits you with a +4 spear of venom!
You are poisoned.
You see here a water moccasin corpse.
The gnoll sergeant blocks your attack.
You feel very sick.
The gnoll sergeant completely misses you.
You hit the gnoll sergeant.
The gnoll sergeant is poisoned.
The gnoll sergeant is lightly wounded.
You feel very sick.
The gnoll sergeant hits you but does no damage.
You are more poisoned.
The ice beast completely misses you.
You feel very sick.
The gnoll sergeant hits you from afar with a +4 spear of venom!
You feel very sick.
You hit the ice beast.
The ice beast is lightly wounded.
You feel very sick.
You hit the ice beast.
The ice beast is lightly wounded.
You feel sick. The ice beast hits you. The ice beast freezes you!
You hit the ice beast but do no damage.
The ice beast is poisoned.
The ice beast is lightly wounded.
You feel sick.
The iguana hisses menacingly.
The gnoll sergeant hits you from afar with a +4 spear of venom.
* * * LOW HITPOINT WARNING * * *
You are lethally poisoned!
The ice beast misses you.
As you read the scroll labelled NERHUH RYZOONN, it crumbles to dust.
You feel strangely unstable.
It was a scroll of teleportation.
* * * LOW HITPOINT WARNING * * *
You feel extremely sick.
The gnoll sergeant hits you from afar with a +4 spear of venom!
You die...

#.# ###........##...)....#
#.## ............#........)
#..# #.#......).##........
##.# #...........#..#...##
#.# ###........#.##...###.
#.# #.#...........#.###...
#.# #.##........#####.....
#.####..#..#...###.#.......
#>##....##s..###...##.#...)
#.#..#...#Y###.S.#. #......
#...###.##g#....... ##.....
##..## #..#l........ #.....
#..## #####.#..... ##....
##..## #####........ #..#.
#####....####...##.......
##...
...........##....#.......
...##
........##..<....##......
#####.


You could see an ice beast (poisoned), a gnoll sergeant (poisoned) and an
iguana.

Vanquished Creatures
  Pikel (D:4)
  Sigmund (D:2)
  A water moccasin (D:6)
  An ice beast (D:5)
  A black bear (D:5)
  An ogre (D:4)
  A centaur (D:5)
  A kobold brigand (D:6)
  4 lemures (D:4)
  2 phantoms (D:4)
  A bullfrog (D:6)
  5 scorpions
  3 jellies
  3 orc priests (D:5)
  4 hounds
  A gnoll bouda (D:3)
  Ijyb (D:4)
  2 iguanas
  6 orc wizards
  8 gnolls
  7 adders
  4 shadow imps
  2 white imps (D:6)
  A worm (D:2)
  2 dart slugs
  21 orcs
  6 endoplasms
  3 giant cockroaches
  8 hobgoblins
  6 jackals
  4 quokkas
  7 ball pythons
  4 bats (D:1)
  3 frilled lizards
  8 goblins
  4 kobolds
  2 rats
140 creatures vanquished.

Vanquished Creatures (others)
  2 plants (D:5)
2 creatures vanquished.

Grand Total: 142 creatures vanquished

Notes
Turn   | Place    | Note
-------+----------+-------------------------------------------
     0 | D:1      | erloom the Draconian Transmuter began the quest for the
                  | Orb.
     0 | D:1      | Reached XP level 1. HP: 16/16 MP: 3/3
   147 | D:1      | Found Ineishok's Weapon Emporium.
   216 | D:1      | Reached XP level 2. HP: 23/23 MP: 5/5
   333 | D:1      | Reached skill level 4 in Unarmed Combat
   457 | D:1      | Reached XP level 3. HP: 20/28 MP: 6/6
   545 | D:1      | You fall into a shaft and drop 1 floor!
   748 | D:2      | Noticed Sigmund
  1441 | D:3      | Reached XP level 4. HP: 33/35 MP: 7/7
  1571 | D:3      | Noticed a +0 spear
  1572 | D:3      | Noticed a +0 dagger
  1572 | D:3      | Noticed a +0 short sword
  1573 | D:3      | Noticed a +0 falchion
  1581 | D:3      | Found a hide-covered altar of Uskayaw.
  1581 | D:3      | Noticed a +0 dagger
  1582 | D:3      | Noticed a +0 falchion
  1583 | D:3      | Noticed a +0 spear
  1583 | D:3      | Noticed a +0 short sword
  1809 | D:3      | Reached skill level 5 in Unarmed Combat
  1906 | D:3      | Found a burning altar of Makhleb.
  1914 | D:3      | Became a worshipper of Makhleb the Destroyer
  2274 | D:4      | Noticed a scorpion
  2438 | D:4      | Got the Incunable of Lightning
  2491 | D:4      | Killed a scorpion
  2492 | D:4      | Reached skill level 6 in Unarmed Combat
  2492 | D:4      | Reached XP level 5. HP: 40/40 MP: 8/8
  2522 | D:4      | Learned a level 3 spell: Spider Form
  2539 | D:4      | Noticed an ogre
  2900 | D:3      | Reached skill level 1 in Poison Magic
  2969 | D:4      | Reached XP level 6. HP: 47/47 MP: 7/9
  3144 | D:4      | Noticed Ijyb
  3224 | D:4      | Killed Ijyb
  3225 | D:4      | Your scales start taking on a fiery red colour.
  3225 | D:4      | Reached XP level 7. HP: 52/52 MP: 10/12
  3225 | D:4      | Gained mutation: Your flesh is heat resistant. (rF+) [Red
                  | Draconian growth]
  3316 | D:4      | Reached * piety under Makhleb
  3333 | D:4      | Found a sparkling altar of Nemelex Xobeh.
  3350 | D:4      | Noticed Pikel
  3383 | D:4      | HP: 3/78 [Pikel/+2 whip of flaming (3)]
  3384 | D:4      | Killed Pikel
  3385 | D:4      | Reached skill level 5 in Transmutations
  3566 | D:4      | Found a glowing golden altar of the Shining One.
  3949 | D:4      | Reached XP level 8. HP: 59/59 MP: 10/14
  4032 | D:2      | Killed Sigmund
  4082 | D:5      | Entered Level 5 of the Dungeon
  4082 | D:5      | Found a staircase to the Ecumenical Temple.
  4258 | D:5      | Found a radiant altar of Vehumet.
  4524 | D:5      | Found a stormy altar of Qazlal.
  4526 | D:5      | Noticed an air elemental
  4630 | D:5      | Reached skill level 7 in Unarmed Combat
  5259 | D:6      | Reached ** piety under Makhleb
  5285 | D:6      | Reached XP level 9. HP: 65/69 MP: 11/15
  5396 | D:6      | Reached skill level 8 in Unarmed Combat
  5714 | D:6      | Slain by a gnoll sergeant

Illustrated notes

Levels and vault maps discovered:
D:1:      matt_arrival_diagonals, layout_loops_ring, serial_shops,
          nicolae_diamond_shop
D:2:      layout_basic, solitary_fountain, kennysheep_cross_room, uniq_sigmund
D:3:      layout_basic, lightli_temple_of_fire, nicolae_uskayaw_en_pointe,
          ebering_dispersal_statue_hall
D:4:      kennysheep_six_static_rooms, layout_basic, tso_metal_star,
          nemelex_xobeh_ov_fountains_minmay, st_stairs_4,
          kennysheep_pointless_box, uniq_ijyb, uniq_pikel
D:5:      nicolae_cairo_tiling_very_big, layout_loops_cross,
          nicolae_qazlal_style_of_elements,
          mainiacjoe_overflow_concentric_impassable,
          chequers_serial_rivers_micro_a, serial_bayou_lagoon_a
D:6:      minmay_skewed_foursquare, layout_rooms

Skill      XL: |  1  2  3  4  5  6  7  8  9 |
---------------+----------------------------+-----
Unarmed Combat | 4 6 7 8 |  8.5
Poison Magic   | 1 2 3 |  3.0
Transmutations | 3 6 7 |  7.0
Spellcasting   | 3 4 |  4.0
Dodging        | 2 3 |  3.0
Fighting       | 3 4 |  4.4

Action                     |  1- 3 |  4- 6 |  7- 9 || total
---------------------------+-------+-------+-------++-------
  Melee: Unarmed           |   137 |   133 |   273 ||   543
         Tailslap          |    16 |    20 |    23 ||    59
         Punch             |     3 |     7 |    12 ||    22
         Kick              |     3 |    20 |     8 ||    31
         Headbutt          |     2 |    10 |     6 ||    18
   Cast: Beastly Appendage |     2 |     7 |     6 ||    15
         Spider Form       |       |       |    11 ||    11
Ability: Breathe Fire      |       |       |     2 ||     2
    Use: Potion            |       |     1 |     1 ||     2
         Scroll            |       |       |     1 ||     1
   Stab: Sleeping          |       |     1 |       ||     1
 Armour: Skin              |    41 |    22 |    55 ||   118
  Dodge: Dodged            |    78 |    85 |   187 ||   350
